 Dungeon Crawl Stone Soup version 0.30.1-4-g462c640d31 (webtiles) character file.

Game seed: 16746200665963068614

77489 Wiggles the Executioner (level 15, -2/146 HPs)
             Began as a Minotaur Berserker on Sept 6, 2023.
             Was a High Priest of Trog.
             Shot with an arrow by a centaur warrior (16 damage)
             ... on level 13 of the Dungeon.
             The game lasted 00:30:30 (15334 turns).

Wiggles the Executioner (Minotaur Berserker)       Turns: 15334, Time: 00:30:31

Health: -2/146     AC: 33    Str: 32    XL:     15   Next: 15%
Magic:  14/14      EV: 12    Int:  7    God:    Trog [*****.]
Gold:   886        SH:  0    Dex: 11    Spells: 14/14 levels left

rFire   + + .        H - +5 broad axe (heavy)
rCold   . . .        (no shield)
rNeg    . . .        E - +8 chain mail of Defence {rF++ rCorr Int+3}
rPois   .            O - +0 hat
rElec   .            D - +2 cloak {Stlth+}
rCorr   +            y - +0 pair of gloves
SInv    .            n - +1 pair of boots
Will    +++..        b - amulet "Awoikh" {Regen+ Str+4 Slay+2}
Stlth   +            o - ring "Dauzuco" {Drain Will++ AC+4}
HPRegen 1.24/turn    L - +4 ring of slaying
MPRegen 0.14/turn

%: no passive effects
@: no status effects
A: horns 2, retaliatory headbutt, screaming 1
a: Renounce Religion, Berserk, Trog's Hand, Brothers in Arms


You were on level 13 of the Dungeon.
You worshipped Trog.
Trog was extremely pleased with you.
You visited 2 branches of the dungeon, and saw 18 of its levels.
You visited the Abyss 1 time.
You also visited: Sewer.

You collected 1534 gold pieces.
You spent 648 gold pieces at shops.

Inventory:

Hand Weapons
 w - a +0 battleaxe of electrocution
 H - a +5 heavy broad axe (weapon)
 W - a +5 battleaxe of flaming
Missiles
 m - 3 throwing nets (quivered)
Armour
 n - a +1 pair of boots (worn)
 y - a +0 pair of gloves (worn)
 D - a +2 cloak of stealth (worn)
 E - the +8 chain mail of Defence (worn) {rF++ rCorr Int+3}
   (You bought it in a shop on level 10 of the Dungeon)

   Int:       It affects your intelligence (+3).
   rF:        It greatly protects you from fire.
   rCorr:     It protects you from acid and corrosion.
 O - a +0 hat (worn)
Jewellery
 b - the amulet "Awoikh" (around neck) {Regen+ Str+4 Slay+2}
   (You acquired it on level 6 of the Dungeon)

   [amulet of regeneration]

   Str:       It affects your strength (+4).
   Slay:      It affects your accuracy & damage with ranged weapons and melee
   (+2).
   Regen:     It increases your rate of health regeneration.
 g - a ring of magical power
 l - a ring of magical power
 o - the ring "Dauzuco" (left hand) {Drain Will++ AC+4}
   (You found it on level 3 of the Dungeon)

   [ring of protection]

   AC:        It affects your AC (+4).
   Drain:     It drains your maximum health when unequipped.
   Will:      It greatly increases your willpower.
 s - a ring of ice
 z - a +6 ring of dexterity
 J - an amulet of regeneration
 L - a +4 ring of slaying (right hand)
 N - a +4 ring of protection
 R - a ring of protection from fire
 S - a ring of protection from fire
Wands
 r - a wand of iceblast (16)
 A - a wand of flame (64)
 F - a wand of polymorph (5)
 K - a wand of mindburst (6)
 M - a wand of charming (7)
 U - a wand of quicksilver (5)
Scrolls
 d - 2 scrolls of fear
 f - 3 scrolls of amnesia
 h - a scroll of fog
 j - 7 scrolls of teleportation
 P - a scroll of blinking
 V - a scroll of summoning
Potions
 a - 10 potions of curing
 c - 4 potions of attraction
 e - a potion of ambrosia
 i - 6 potions of brilliance
 k - 2 potions of invisibility
 p - 2 potions of resistance
 q - 2 potions of lignification
 t - 4 potions of flight
 u - 2 potions of berserk rage
 B - 2 potions of mutation
 C - 2 potions of degeneration
 G - 2 potions of haste
 I - a potion of might
 Q - a potion of cancellation {unknown}
Miscellaneous
 v - a phantom mirror
 x - a condenser vane
 T - a lightning rod (4/4)


   Skills:
 + Level 16.9 Fighting
 + Level 21.1 Axes
 + Level 14.8 Armour
 + Level 8.4 Dodging
 + Level 3.4 Stealth
 + Level 2.1 Shields
 + Level 1.4 Evocations


You had 14 spell levels left.
You didn't know any spells.
Your spell library was empty.

Dungeon Overview and Level Annotations

Branches:
Dungeon (13/15)            Temple (0/1) D:5            Lair (5/5) D:10
  Swamp (0/4) Lair:3       Spider (0/4) Lair:3        Slime (0/5) Lair:5
    Orc (0/2) D:11          Sewer (visited)
 Vaults: D:13-14

Altars:
Ashenzari
Cheibriados
Fedhas
Gozag
Hepliaklqana
Makhleb
Nemelex Xobeh
Qazlal
Ru
Sif Muna
Trog
Uskayaw
Xom
Yredelemnul
Jiyva

Shops:
D:9 *   D:10 [

Annotations:
D:11 2 runed translucent doors, kemowoomy's ghost, journeyman DsGl


Innate Abilities, Weirdness & Mutations

You have a pair of horns on your head.
You reflexively headbutt those who attack you in melee.
You occasionally shout uncontrollably at your foes.


Message History

A centaur comes into view.
You cut the tengu warrior into ribbons!!!
You kill the tengu warrior!
Trog accepts your kill.
The centaur warrior shoots an arrow.
The arrow hits you!
A centaur comes into view. x2
The tengu conjurer mumbles some strange words.
The tengu conjurer blinks!
The centaur shouts!
The centaur wields a +0 shortbow.
The centaur shoots an arrow.
The arrow hits you but does no damage.
The centaur warrior shoots an arrow.
The arrow hits you!
* * * LOW HITPOINT WARNING * * *
The centaur wields a +0 shortbow.
The centaur shoots an arrow.
The arrow hits you but does no damage.
The centaur wields a +0 shortbow.
The centaur shoots an arrow.
The arrow hits you but does no damage.
The centaur warrior shoots an arrow.
The arrow hits you but does no damage.
The centaur shoots an arrow.
The arrow hits you but does no damage.
Items here: ) [[ †.
Okay, then.
Your two-headed ogre goes berserk!
The centaur warrior shoots an arrow.
The arrow hits you but does no damage.
The centaur shoots an arrow.
The arrow hits you but does no damage.
The centaur shoots an arrow.
The arrow closely misses you.
Your ogre goes berserk!
A centaur comes into view.
The centaur shoots an arrow.
The arrow hits you.
* * * LOW HITPOINT WARNING * * *
The centaur shoots an arrow.
The arrow hits you but does no damage.
The centaur warrior shoots an arrow.
The arrow hits you!!
* * * LOW HITPOINT WARNING * * *
The centaur shoots an arrow.
The arrow hits you but does no damage.
Your two-headed ogre misses the tengu conjurer.
Your two-headed ogre hits the tengu conjurer with a +0 giant club!!!
The tengu conjurer dies!
Trog accepts your kill.
Trog appreciates your killing of a magic user.
The battlesphere dissipates.
The centaur warrior shoots an arrow.
The arrow hits you!
You die...

........# #......#
#......# +......#####+#
#......##....##### ####+
#$....†.........<.
.....##.................
.......O................
.......@...........##...
.............###'####...
.........O?.^##....##...
.........†....+.........
cc...##...☼...#....##...
.cc.. #.......#....##...
.... ........#..... ...
.c.. .........#......
... .........#.......


You could see a centaur warrior, 4 centaurs, a friendly two-headed ogre
(summoned, berserk) and a friendly ogre (summoned, berserk).

Vanquished Creatures
  A bone dragon (Abyss:4)
  A tentacled starspawn (Abyss:4)
  2 azure jellies (Lair:5)
  Snorg (Lair:4)
  Fannar (D:10)
  6 hydras
  A catoblepas (Lair:3)
  A boulder beetle (Lair:2)
  A two-headed ogre (D:6)
  A tengu warrior (D:13)
  A deep troll shaman (Lair:5)
  12 death yaks
  2 thrashing horrors (Abyss:4)
  A fire crab (Lair:5)
  Nergalle (D:10)
  An orb spider (Lair:3)
  4 large abominations
  A lindwurm (Lair:5)
  A deep elf pyromancer (D:12)
  An oklob plant (Lair:5)
  3 ugly things (D:12)
  4 cyclopes
  2 manticores
  27 elephants
  4 black mambas
  A titan simulacrum (Abyss:3)
  A torpor snail (Lair:4)
  11 cane toads
  A kobold demonologist (D:11)
  An efreet (Abyss:4)
  7 komodo dragons
  An ancient zyme (Abyss:4)
  7 trolls
  2 tyrant leeches (Lair:3)
  9 blink frogs
  2 polar bears
  3 raiju (Abyss:2)
  Prince Ribbit (D:5)
  8 slime creatures
  Sigmund (D:3)
  A vampire (D:10)
  3 wraiths
  9 wyverns
  9 starcursed masses (Abyss:4)
  47 yaks
  9 basilisks
  Eustachio (D:6)
  4 vampire mosquitoes (D:11)
  3 steam dragons
  A chaos spawn (Abyss:4)
  A neqoxec (Abyss:4)
  An acid dragon (D:12)
  A swamp worm (Lair:3)
  A small abomination (Abyss:4)
  20 water moccasins
  An ice beast (D:8)
  2 sky beasts (D:6)
  3 orc warriors
  3 black bears
  19 wolves
  10 centaurs
  2 ogres
  A phantom (D:7)
  6 kobold brigands
  24 bullfrogs
  A gnoll sergeant (D:11)
  3 scorpions
  3 wights (D:8)
  13 killer bees
  2 electric eels (Lair:2)
  6 howler monkeys
  3 jellies
  2 orc priests
  2 gnoll boudas
  3 hounds
  An iguana (D:6)
  A sleepcap (D:4)
  9 orc wizards
  10 gnolls
  13 adders
  5 white imps
  2 worms (D:5)
  4 dart slugs
  28 orcs
  12 bats
  6 endoplasms
  6 giant cockroaches
  15 goblins
  9 hobgoblins
  8 jackals
  9 quokkas
  8 ball pythons
  A frilled lizard (D:1)
  13 kobolds
  6 rats
  A spectral orc (D:8)
524 creatures vanquished.

Vanquished Creatures (collateral kills)
  A fire dragon (D:8)
  A catoblepas (Lair:5)
  2 death yaks (Lair:5)
  Sonja (Lair:5)
  Amaemon (D:8)
  Maurice (D:10)
  An elephant (Lair:5)
  An orange demon (D:8)
  A tengu conjurer (D:13)
  A slime creature (D:8)
  A wraith (D:10)
  An orc warrior (D:10)
  A gnoll sergeant (D:8)
  A white imp (D:8)
  3 orcs (D:10)
18 creatures vanquished.

Vanquished Creatures (others)
  4 starspawn tentacles (Abyss:4)
4 creatures vanquished.

Grand Total: 546 creatures vanquished

Notes
Turn   | Place    | Note
-------+----------+-------------------------------------------
     0 | D:1      | Wiggles the Minotaur Berserker began the quest for the Orb.
     0 | D:1      | Reached XP level 1. HP: 19/19 MP: 0/0
   190 | D:1      | Reached skill level 4 in Axes
   190 | D:1      | Reached XP level 2. HP: 27/27 MP: 1/1
   942 | D:1      | Reached XP level 3. HP: 32/33 MP: 2/2
  1373 | D:2      | Found a faded altar of an unknown god.
  1598 | D:2      | Reached ** piety under Trog
  1773 | D:3      | Identified the ring "Dauzuco" {Drain Will++ AC+4}
  1826 | D:3      | Noticed Sigmund
  1833 | D:3      | Killed Sigmund
  1834 | D:3      | Reached skill level 5 in Axes
  1834 | D:3      | Reached XP level 4. HP: 30/41 MP: 3/3
  1834 | D:3      | Reached XP level 5. HP: 35/47 MP: 4/4
  1970 | D:3      | Reached skill level 6 in Axes
  2028 | D:3      | Found a snail-covered altar of Cheibriados.
  2305 | D:4      | Reached skill level 5 in Fighting
  2305 | D:4      | Reached XP level 6. HP: 38/56 MP: 5/5
  2721 | D:4      | Found a shimmering blue altar of Sif Muna.
  2966 | D:4      | Found a hazy altar of Hepliaklqana.
  2966 | D:4      | Found a blossoming altar of Fedhas.
  2998 | D:5      | Entered Level 5 of the Dungeon
  3033 | D:5      | Reached skill level 7 in Axes
  3033 | D:5      | Reached XP level 7. HP: 61/61 MP: 6/6
  3066 | D:5      | Reached *** piety under Trog
  3075 | D:5      | Found a glowing drain.
  3103 | Sewer    | Entered a sewer
  3454 | D:5      | Reached skill level 1 in Stealth
  3555 | D:5      | Reached skill level 8 in Axes
  3598 | D:5      | Found a staircase to the Ecumenical Temple.
  3622 | D:5      | Reached skill level 5 in Armour
  3784 | D:5      | Noticed Prince Ribbit
  3795 | D:5      | Killed Prince Ribbit
  3796 | D:5      | Reached XP level 8. HP: 54/70 MP: 7/7
  4201 | D:6      | Noticed a +0 hand axe
  4201 | D:6      | Noticed a +0 hand axe
  4223 | D:6      | Found a bloodstained altar of Trog.
  4240 | D:6      | Reached skill level 9 in Axes
  4242 | D:6      | Found a hide-covered altar of Uskayaw.
  4332 | D:6      | Noticed a two-headed ogre
  4341 | D:6      | Killed a two-headed ogre
  4342 | D:6      | Reached skill level 10 in Axes
  4405 | D:6      | Noticed Eustachio
  4411 | D:6      | Reached skill level 5 in Dodging
  4412 | D:6      | Reached **** piety under Trog
  4428 | D:6      | Killed Eustachio
  4429 | D:6      | Reached XP level 9. HP: 69/79 MP: 8/8
  4738 | D:6      | Reached skill level 11 in Axes
  5025 | D:6      | Found a sparkling altar of Nemelex Xobeh.
  5114 | D:6      | Identified a scroll of acquirement
  5114 | D:6      | Acquired the amulet "Awoikh" {Regen+ Str+4 Slay+2}
  5272 | D:7      | Found a sacrificial altar of Ru.
  5373 | D:7      | Reached skill level 12 in Axes
  5716 | D:7      | Found an opulent altar of Gozag.
  6158 | D:8      | Noticed a fire dragon
  6158 | D:8      | Noticed a cyclops
  6159 | D:8      | Noticed a cyclops
  6173 | D:8      | Killed a fire dragon
  6174 | D:8      | Reached skill level 13 in Axes
  6174 | D:8      | Reached skill level 1 in Shields
  6174 | D:8      | Reached XP level 10. HP: 53/90 MP: 9/9
  6186 | D:8      | Killed a cyclops
  6194 | D:8      | Killed a cyclops
  6293 | D:8      | Reached skill level 14 in Axes
  6378 | D:8      | Reached ***** piety under Trog
  6546 | D:8      | Noticed Amaemon
  6546 | D:8      | Noticed an orange demon
  6556 | D:8      | Killed Amaemon
  6557 | D:8      | Reached XP level 11. HP: 99/99 MP: 10/10
  6560 | D:8      | Reached skill level 15 in Axes
  6733 | D:8      | Found a burning altar of Makhleb.
  6785 | D:8      | Found a basalt altar of Yredelemnul.
  7150 | D:9      | Found Miezuic's Overcharged Wands.
  7168 | D:9      | Bought a wand of flame (40) for 420 gold pieces
  7186 | D:9      | Reached skill level 10 in Fighting
  7235 | D:9      | Found a shimmering altar of Xom.
  7582 | D:10     | Entered Level 10 of the Dungeon
  7631 | D:10     | Found a staircase to the Lair.
  7716 | D:10     | Noticed Fannar
  7721 | D:10     | Noticed Nergalle
  7727 | D:10     | Killed Fannar
  7735 | D:10     | Killed Nergalle
  7736 | D:10     | Reached skill level 16 in Axes
  7740 | D:10     | Noticed Maurice
  7757 | D:10     | Killed Maurice
  7758 | D:10     | Reached skill level 10 in Armour
  7823 | D:10     | Found a broken altar of Ashenzari.
  7979 | D:10     | Found Kiudyrhu's Antique Armour Boutique.
  7983 | D:10     | Bought a bloodstained chain mail for 228 gold pieces
  7983 | D:10     | Identified the +8 chain mail of Defence {rF++ rCorr Int+3}
                  | (You bought it in a shop on level 10 of the Dungeon)
  8427 | D:10     | Found a stormy altar of Qazlal.
  8547 | D:11     | Identified the +1 robe "Pehuask" {rPois}
  8574 | D:11     | Noticed kemowoomy's ghost (journeyman DsGl)
  8636 | D:11     | Found a staircase to the Orcish Mines.
  8680 | D:11     | Reached XP level 12. HP: 108/108 MP: 11/11
  8749 | D:11     | Found a runed translucent door.
  8755 | D:11     | Noticed an ogre mage
  8756 | D:11     | Noticed a lich
  8769 | D:11     | Reached skill level 17 in Axes
  8850 | D:11     | Found a runed translucent door.
  9022 | D:12     | Received a gift from Trog
  9524 | D:12     | Reached skill level 18 in Axes
  9749 | Lair:1   | Entered Level 1 of the Lair of Beasts
  9749 | Lair:1   | Noticed a death yak
  9749 | Lair:1   | Noticed a death yak
  9749 | Lair:1   | Noticed a death yak
  9753 | Lair:1   | Killed a death yak
  9763 | Lair:1   | Killed a death yak
  9764 | Lair:1   | Killed a death yak
 10049 | Lair:1   | Reached XP level 13. HP: 119/119 MP: 12/12
 10148 | Lair:1   | Identified the +8 rapier "Xodaj" {protect, Int+4}
 10425 | Lair:2   | Reached skill level 19 in Axes
 10528 | Lair:2   | Received a gift from Trog
 11356 | Lair:3   | Found a staircase to the Swamp.
 11450 | Lair:3   | Reached skill level 1 in Evocations
 11951 | Lair:3   | Found a hole to the Spider Nest.
 12515 | Lair:4   | Noticed Snorg
 12520 | Lair:4   | Killed Snorg
 12543 | Lair:4   | Reached XP level 14. HP: 126/133 MP: 13/13
 13080 | Lair:5   | Entered Level 5 of the Lair of Beasts
 13101 | Lair:5   | Reached skill level 15 in Fighting
 13101 | Lair:5   | Reached skill level 20 in Axes
 13381 | Lair:5   | Found a runed translucent door.
 13382 | Lair:5   | Found a viscous altar of Jiyva.
 13382 | Lair:5   | Found a staircase to the Slime Pits.
 13382 | Lair:5   | Noticed an azure jelly
 13382 | Lair:5   | Noticed an azure jelly
 13444 | Lair:5   | Identified the +4 dire flail of the Pharaoh's Fist {flame,
                  | Contam Int+6 Dex+3}
 13930 | Lair:5   | Noticed Sonja
 13932 | Abyss:2  | Cast into level 2 of the Abyss (Sonja)
 14053 | Abyss:4  | Found a corrupted altar of Lugonu.
 14088 | Abyss:4  | Noticed a bone dragon
 14097 | Abyss:4  | Killed a bone dragon
 14130 | Abyss:4  | Found a corrupted altar of Lugonu.
 14151 | Abyss:4  | Noticed a starflower
 14169 | Abyss:4  | Noticed a tentacled starspawn
 14184 | Abyss:4  | Killed a tentacled starspawn
 14191 | Abyss:4  | Found a corrupted altar of Lugonu.
 14215 | Abyss:4  | Gained mutation: You occasionally shout uncontrollably at
                  | your foes. [a neqoxec]
 14230 | Abyss:4  | Received a gift from Trog
 14240 | Lair:5   | Escaped the Abyss
 14250 | Lair:5   | HP: 6/138 [poisoned by Sonja (curare-tipped dart)]
 14251 | Lair:5   | Killed Sonja
 14582 | Lair:5   | Reached XP level 15. HP: 133/145 MP: 14/14
 14629 | Lair:5   | Reached skill level 21 in Axes
 14657 | Lair:5   | Identified the +2 ring mail of the Iron Devil {+Blink}
 14747 | Lair:5   | Found a blossoming altar of Fedhas.
 14932 | Lair:5   | Killed an azure jelly
 14935 | Lair:5   | Killed an azure jelly
 15334 | D:13     | Shot with an arrow by a centaur warrior

Illustrated notes

Levels and vault maps discovered:
D:1:      saegor_arrival_simple_c, layout_basic
D:2:      layout_loops_cross, ebering_ecumenical_altar_petrified
D:3:      layout_basic, overflow_temple_1_default, uniq_sigmund
D:4:      cheibrodos_helix_gallery, layout_cave_pools,
          kennysheep_orc_sif_temple, amethyst_overflow_temple_binary,
          hangedman_decor_opposing
D:5:      layout_basic, minmay_temple_entry_sparse_star, gup_sewer_entry_pipe,
          minmay_between, uniq_prince_ribbit1
D:6:      layout_cave_pools, trog_three_pillars_becter,
          mainiacjoe_overflow_alcove_2, dancing_weapons_uskayaw,
          minmay_ogre_servants, uniq_eustachio
D:7:      layout_basic, lemuel_tele_altar, mainiacjoe_overflow_tiny_flanked
D:8:      nzn_winding_woodlands_cross [nzn_winding_woodlands_5x15_split_checker,
          nzn_winding_woodlands_5x15_pockets,
          nzn_winding_woodlands_5x15_longhouse, nzn_winding_woodlands_5x15_pool,
          nzn_winding_woodlands_15x15_killbox], layout_basic,
          yredelemnul_forgotten_temple_becter, nicolae_overflow_hidden_temple,
          serial_corexii_hall, corexii_hall_statues_l,
          chequers_hall_statues_corner_a, corexii_hall_statues_l,
          corexii_hall_statues_t, hangedman_decor_clover_reticule, uniq_amaemon
D:9:      layout_loops_ring, lemuel_doored_altar, nicolae_shop_overcharged_wands
D:10:     layout_loops_corners, evilmike_ruin_ashenzari,
          nicolae_qazlal_eye_of_the_storm, lair_entry_dummy, serial_shops, shop,
          uniq_fannar, uniq_maurice, uniq_nergalle
D:11:     layout_rooms, orc_0_dummy, muffindrake_ghost_dual_entry
D:12:     layout_irregular_city
D:13:     layout_gridville, grunt_vaults_entry_fortified, uniq_jorgrun
Lair:1:   layout_roguey, minmay_holes, st_stairs_6, grunt_megastairs_5
Lair:2:   layout_chaotic_city, pdpol_lair_cavern_descent
Lair:3:   layout_long_grid, minmay_swamp_entry_worms,
          nicolae_spider_entry_orb_guardian
Lair:4:   layout_regular_city, infiniplex_staircase_pool_2, uniq_snorg
Lair:5:   grunt_lair_end_beastmaster, layout_layer_cave, slime_entry_2,
          st_stairs_8, tgw_fedhas, uniq_sonja

Skill      XL: |  1  2  3  4  5  6  7  8  9 10 11 12 13 14 15 |
---------------+----------------------------------------------+-----
Axes           | 4 5 6 7 8 10 13 14 16 18 19 20 21 | 21.1
Fighting       | 4 5 6 7 8 9 10 12 14 16 | 16.9
Armour         | 3 4 5 6 7 8 10 11 13 14 | 14.8
Dodging        | 3 4 5 6 7 8 |  8.4
Stealth        | 1 2 3 |  3.4
Shields        | 1 2 |  2.1
Evocations     | 1 |  1.4

Action                     |  1- 3 |  4- 6 |  7- 9 | 10-12 | 13-15 || total
---------------------------+-------+-------+-------+-------+-------++-------
  Melee: Hand axe          |    55 |       |       |       |       ||    55
         Headbutt          |    14 |    11 |    40 |    67 |    91 ||   223
         War axe           |    32 |    63 |   229 |       |       ||   324
         Punch             |     1 |     2 |     1 |     3 |     3 ||    10
         Battleaxe         |       |       |     5 |   225 |       ||   230
         Broad axe         |       |       |       |    74 |   384 ||   458
 Invoke: Berserk           |     1 |       |     4 |     4 |     5 ||    14
         Brothers in Arms  |       |       |     1 |     3 |     4 ||     8
  Evoke: Wand              |       |       |       |       |     7 ||     7
    Use: Scroll            |       |       |    15 |     3 |     4 ||    22
         Potion            |       |       |     1 |       |     4 ||     5
   Stab: Invisible         |       |       |       |     2 |       ||     2
         Petrifying        |       |       |       |       |     1 ||     1
         Distracted        |       |       |       |       |     1 ||     1
 Armour: Animal skin       |     9 |       |       |       |       ||     9
         Ring mail         |    27 |    28 |    60 |       |       ||   115
         Chain mail        |       |       |    97 |   214 |   370 ||   681
  Dodge: Dodged            |    48 |    37 |   149 |   201 |   273 ||   708
  Block: Kite shield       |       |       |     9 |       |       ||     9
